Cogmind - Beta 13 @@@ ROGUE MODE // 2024.04.28 @ 18:22:59 Player: orthostice Result: Destroyed by G-47 Trooper with Particle Gun Performance ------------- Evolutions (0) 0 Regions Visited (4) 800 Robots Destroyed (12) 60 Value Destroyed (364) 364 Prototype IDs (0) 0 Alien Tech Used (0) 0 Bonus (0) 0 TOTAL SCORE: 1224 Bonus ------- None Cogmind --------- Core Integrity 0/250 Matter 56/300 Energy 100/100 System Corruption 0% Temperature Cool (9) Movement Core (800) Ox15 Location -9/Mines Parts ------- > --- POWER (1) -------- (None) > --- PROPULSION (2) --- (None) > --- UTILITY (2) ------ High-capacity Storage Unit > --- WEAPON (2) ------- Heavy Particle Cannon > --- INVENTORY (20) --- Light Ion Engine Light Treads Advanced Treads Titanium Leg Small Storage Unit Small Storage Unit Small Storage Unit Medium Storage Unit Medium Storage Unit High-capacity Storage Unit High-capacity Storage Unit High-capacity Storage Unit Humpback Hacking Suite Improved Trap Extractor (0/6) Mini Grenade Launcher Mini Grenade Launcher Concussive RPG (1) Peak State ------------ > --- POWER ------------ Light Nuclear Core > --- PROPULSION ------- Carbon-fiber Leg Carbon-fiber Leg > --- UTILITY ---------- Medium Storage Unit High-capacity Storage Unit > --- WEAPON ----------- Heavy Particle Cannon Mini Grenade Launcher > --- INVENTORY -------- Light Ion Engine Light Fission Core Light Treads Advanced Treads Titanium Leg Medium Storage Unit High-capacity Storage Unit High-capacity Storage Unit Hacking Suite Improved Trap Extractor Mini Grenade Launcher Mini Grenade Launcher Concussive RPG [Rating: 19] Favorites ----------- Power Light Nuclear Core Engine Light Ion Engine Power Core Light Nuclear Core Propulsion Carbon-fiber Leg Treads Light Treads Leg Carbon-fiber Leg Utility Medium Storage Unit Storage Medium Storage Unit Weapon Mini Grenade Launcher Energy Cannon Heavy Particle Cannon Ballistic Gun Assault Rifle Launcher Mini Grenade Launcher Build | -11 -10 -10 -10 -9 ------- Run | Yrd Mat Min Exi Min Slots Evolved . | . . . . . Power . | . . . . . Propulsion . | . . . . . Utility . | . . . . . Weapon . | . . . . . Parts Attached 22 | 6 6 7 3 . Power 3 | 1 1 1 . . Engine 2 | 1 1 . . . Core 1 | . . 1 . . Reactor . | . . . . . Propulsion 5 | 2 . 3 . . Treads 2 | 2 . . . . Leg 3 | . . 3 . . Wheel . | . . . . . Hover . | . . . . . Flight . | . . . . . Utility 7 | 1 1 2 3 . Device . | . . . . . Storage 7 | 1 1 2 3 . Processor . | . . . . . Hackware . | . . . . . Protection . | . . . . . Artifact . | . . . . . Weapon 7 | 2 4 1 . . Energy Gun . | . . . . . Energy Cannon 1 | . . 1 . . Ballistic Gun 2 | 2 . . . . Ballistic Cannon . | . . . . . Launcher 4 | . 4 . . . Special Weapon . | . . . . . Impact Weapon . | . . . . . Slashing Weapon . | . . . . . Piercing Weapon . | . . . . . Special Melee Weapon . | . . . . . Unidentified Prototypes . | . . . . . Parts Lost 4 | . . . . 4 Power 1 | . . . . 1 Propulsion 2 | . . . . 2 Utility . | . . . . . Weapon 1 | . . . . 1 Highest Loss Streak 3 | . . . . 3 To Critical Strikes . | . . . . . Average Slot Usage (%) 93 | . 99 100 93 67 Engine 1 | . 14 . . . Core 11 | . . 13 14 5 Treads 4 | . 28 7 . . Leg 23 | . . 20 28 22 Storage 22 | . 27 28 21 14 Energy Cannon 11 | . . 5 14 14 Ballistic Gun 1 | . 14 . . . Launcher 14 | . 13 22 14 10 Naked Turns . | . . . . . Heaviest Build 212 | 12 26 32 212 52 Greatest Support 40 | 40 40 40 30 30 Greatest Overweight (x) 15 | . . 1 7 15 Average Overweight (x) . | . . . 1 1 Largest Inventory Capacity 35 | 8 10 10 35 20 Average Capacity 14 | 7 9 10 16 20 Most Carried 20 | 6 10 10 20 20 Average Carried 12 | 3 8 9 13 19 Final Capacity 20 | 8 10 10 20 20 Final Carried 20 | 6 10 10 20 19 Class Distribution -------------------- 97% | Mutant Dominant Class ---------------- Mutant | -10/Materials Mutant | -10/Mines Mutant | -10/Exiles Mutant | -9/Mines Resources | -11 -10 -10 -10 -9 ----------- Run | Yrd Mat Min Exi Min Matter Collected 295 | 155 46 60 . 34 Remotely . | . . . . . Salvage Created 304 | . 129 106 . 69 Parts 16 | . 9 5 . 2 Haulers Intercepted . | . . . . . Recyclers Shooed . | . . . . . Parts Field Recycled . | . . . . . Retrieved Matter . | . . . . . Parts Self-Destructed . | . . . . . Prevented . | . . . . . Kills | -11 -10 -10 -10 -9 ------- Run | Yrd Mat Min Exi Min Combat Hostiles Destroyed 11 | . 5 4 . 2 Guns 3 | . 3 . . . Cannons 2 | . . . . 2 AOE 6 | . 2 4 . . Classes Destroyed 3 | . 3 . . . Recycler 1 | . 1 . . . Swarmer 3 | . 3 . . . Grunt 8 | . 2 4 . 2 Best Kill Streak 3 | . 3 2 . 1 Combat Bots Only 3 | . 3 2 . 1 Max Kills in Single Turn 2 | . 2 2 . 1 Gunslinging . | . . . . . Exploded 2 | . 1 2 . . Melee . | . . . . . Uniques/NPCs Destroyed . | . . . . . Combat | -11 -10 -10 -10 -9 -------- Run | Yrd Mat Min Exi Min Hostile Shots Fired 84 | . 35 8 . 41 Missed 20 | . 9 4 . 7 Damage Taken 857 | . 279 110 . 468 Core 253 | . 101 12 . 140 Absorbed by Shields . | . . . . . Core Remaining (%) 100 | 100 . . . . Volleys Fired 22 | . 8 4 . 10 Largest 2 | . 2 2 . 1 Hottest 75 | . 66 60 . 75 Shots Fired 32 | . 15 7 . 10 Gun 12 | . 12 . . . Cannon 10 | . . . . 10 Launcher 10 | . 3 7 . . Special . | . . . . . Kinetic 12 | . 12 . . . Thermal 10 | . . . . 10 Explosive 10 | . 3 7 . . Electromagnetic . | . . . . . Robot Hit Streak 4 | . 3 2 . 4 Robot Miss Streak 2 | . 2 1 . 2 Penetration Max . | . . . . . Secondary Targets 1 | . 1 . . . Max Gunslinging Chain 1 | . 1 . . . Shots Hit Robots 18 | . 8 3 . 7 Core Hits 17 | . 10 5 . 2 Critical Kills . | . . . . . Critical Parts Destroyed . | . . . . . Critical Strikes . | . . . . . Melee Attacks . | . . . . . Impact . | . . . . . Slashing . | . . . . . Piercing . | . . . . . Sneak Attacks . | . . . . . Combat Hostiles . | . . . . . Follow-up Attacks . | . . . . . Damage Inflicted 844 | . 243 426 . 175 Guns 73 | . 73 . . . Cannons 175 | . . . . 175 Explosions 596 | . 170 426 . . Melee . | . . . . . Ramming . | . . . . . Kinetic 73 | . 73 . . . Thermal 219 | . . 44 . 175 Explosive 552 | . 170 382 . . Electromagnetic . | . . . . . Impact . | . . . . . Slashing . | . . . . . Piercing . | . . . . . Highest Corruption . | . . . . . Average Corruption . | . . . . . Corruption Purged . | . . . . . Corruption Blocked . | . . . . . Overload Shots . | . . . . . Overflow Damage . | . . . . . Projectiles . | . . . . . Explosions . | . . . . . Melee . | . . . . . Knockbacks . | . . . . . Impact . | . . . . . Kinetic . | . . . . . Secondary . | . . . . . Self-Inflicted Damage 50 | . 30 20 . . Shots 2 | . 1 1 . . Rammed . | . . . . . Targets Rammed . | . . . . . Kicked . | . . . . . Crushed . | . . . . . Highest Temperature 219 | . 6 27 . 219 Average Temperature 70 | . 3 17 . 92 Received Heat Transfer 399 | . 96 27 . 276 Effects 1 | . . . . 1 Interference 1 | . . . . 1 Siege Activations . | . . . . . Robots Corrupted . | . . . . . Combat Hostiles . | . . . . . Parts Fried . | . . . . . Impact Corruptions . | . . . . . Robots Melted . | . . . . . Combat Hostiles . | . . . . . Parts Melted . | . . . . . Heat Transferred 309 | . . 50 . 259 Parts Sabotaged . | . . . . . Parts Stolen . | . . . . . Parts Stripped . | . . . . . Power Chain Reactions . | . . . . . Alert | -11 -10 -10 -10 -9 ------- Run | Yrd Mat Min Exi Min Peak Influence 251 | . 160 251 . 36 Initial 62 | . . 62 . . Average 114 | . 102 210 . 11 Maximum Alert Level 1 | . . 1 . . Low Security (%) 82 | 100 100 51 . 100 Level 1 17 | . . 48 . . Level 2 . | . . . . . Level 3 . | . . . . . Level 4 . | . . . . . Level 5 . | . . . . . High Security . | . . . . . Max Security . | . . . . . Squads Dispatched 2 | . 2 . . . Investigation 1 | . 1 . . . Extermination . | . . . . . Reinforcement 1 | . 1 . . . Assault . | . . . . . Garrison . | . . . . . Intercept . | . . . . . Searches Triggered . | . . . . . Construction Impeded . | . . . . . Haulers Reinforced . | . . . . . Active Scanning Responses . | . . . . . Cargo Convoy Interrupts . | . . . . . Stealth | -11 -10 -10 -10 -9 --------- Run | Yrd Mat Min Exi Min Distress Signals . | . . . . . Communications Jammed . | . . . . . Distress Signals . | . . . . . Times Spotted 15 | . 8 4 . 3 Peak Tracking Total 4 | . 4 2 . 3 Tactical Retreats . | . . . . . Traps | -11 -10 -10 -10 -9 ------- Run | Yrd Mat Min Exi Min Traps Triggered 2 | . 1 1 . . Indirectly . | . . . . . Trap Hack Attempts . | . . . . . Triggered . | . . . . . Disarmed . | . . . . . Reprogrammed . | . . . . . Reused . | . . . . . Traps Extracted . | . . . . . Installed . | . . . . . Triggered . | . . . . . Machines | -11 -10 -10 -10 -9 ---------- Run | Yrd Mat Min Exi Min Machines Disabled 3 | . . 2 . 1 Max in Single Turn 2 | . . 2 . 1 Machines Repaired . | . . . . . Machines Dismantled . | . . . . . Machines Sabotaged . | . . . . . Overloaded Fab Kills . | . . . . . Hacking | -11 -10 -10 -10 -9 --------- Run | Yrd Mat Min Exi Min Machines Accessed 5 | . . 1 4 . Terminals . | . . . . . Fabricators . | . . . . . Repair Stations . | . . . . . Recycling Units . | . . . . . Scanalyzers . | . . . . . Garrison Access . | . . . . . Total Hacks 50 | . . 1 49 . Successful 50 | . . 1 49 . Failed . | . . . . . Catastrophic . | . . . . . Database Lockouts . | . . . . . Manual . | . . . . . Terminals . | . . . . . Fabricators . | . . . . . Repair Stations . | . . . . . Recycling Units . | . . . . . Scanalyzers . | . . . . . Garrison Access . | . . . . . Terminal Hacks 50 | . . 1 49 . Record 49 | . . . 49 . Open Door 1 | . . 1 . . Fabricator Hacks . | . . . . . Repair Station Hacks . | . . . . . Recycling Unit Hacks . | . . . . . Scanalyzer . | . . . . . Garrison Access Hacks . | . . . . . Unauthorized Hacks . | . . . . . Terminals . | . . . . . Fabricators . | . . . . . Repair Stations . | . . . . . Recycling Units . | . . . . . Scanalyzers . | . . . . . Garrison Access . | . . . . . Data Cores Recovered . | . . . . . Used . | . . . . . Hacking Detections . | . . . . . Full Trace Events . | . . . . . Feedback Events . | . . . . . Feedback Blocked . | . . . . . Robot Schematics Acquired . | . . . . . Robots Built . | . . . . . Authchips . | . . . . . Time . | . . . . . Total Robot Build Rating . | . . . . . Part Schematics Acquired . | . . . . . Parts Built . | . . . . . Authchips . | . . . . . Time . | . . . . . Total Part Build Rating . | . . . . . Parts Repaired . | . . . . . Time . | . . . . . Parts Recycled . | . . . . . Recycled Matter . | . . . . . Retrieved Matter . | . . . . . Retrieved Components . | . . . . . Parts Scanalyzed . | . . . . . Part Schematics Acquired . | . . . . . Parts Damaged . | . . . . . Bothacking | -11 -10 -10 -10 -9 ------------ Run | Yrd Mat Min Exi Min Used RIF Installer . | . . . . . Robots Hacked . | . . . . . Non-combat . | . . . . . Combat . | . . . . . Robot Hacks Applied . | . . . . . Relay Couplers Released . | . . . . . Fabnet Peak Effective % . | . . . . . Robots Rewired . | . . . . . Allies Hacked . | . . . . . Hacks Repelled . | . . . . . Allies | -11 -10 -10 -10 -9 -------- Run | Yrd Mat Min Exi Min Total Allies . | . . . . . Largest Group . | . . . . . Highest-Rated Group . | . . . . . Highest-Rated Ally . | . . . . . Total Orders . | . . . . . Ally Attacks . | . . . . . Total Damage . | . . . . . Kills . | . . . . . Allies Corrupted . | . . . . . Allies Melted . | . . . . . Intel | -11 -10 -10 -10 -9 ------- Run | Yrd Mat Min Exi Min Robot Analysis Total . | . . . . . Derelict Logs Recovered 2 | . . 2 . . Drone Launches . | . . . . . Drone Recoveries . | . . . . . Exploration | -11 -10 -10 -10 -9 ------------- Run | Yrd Mat Min Exi Min Turns Passed 2621 | 147 315 343 1694 122 Spaces Moved 1326 | 89 167 203 822 45 Core 10 | 8 . . . 2 Treads 301 | 81 167 53 . . Legs 1015 | . . 150 822 43 Wheels . | . . . . . Hover . | . . . . . Flight . | . . . . . Fastest Speed 50 | 50 160 120 120 190 Average Speed 186 | 150 160 150 201 229 Slowest Speed 800 | 160 160 190 610 800 Overloaded Moves . | . . . . . Propulsion Burnouts . | . . . . . Robots Hopped . | . . . . . Cave-ins Triggered . | . . . . . Exploration Rate (%) 35 | 5 34 36 92 9 Regions Visited 4 Branch Regions 3 Pre-discovered Areas 2 | . . 1 1 . Known Exits Taken . | . . . . . Unknown Exits Taken 4 | 1 1 1 1 . Scrap Searched 1 | . . 1 . . Spaces Dug . | . . . . . Terrain Destroyed 86 | . 24 61 . 1 Melee . | . . . . . Projectile 1 | . . . . 1 AOE 85 | . 24 61 . . Terrain Rammed . | . . . . . Walls Destroyed . | . . . . . Machines Disabled . | . . . . . Actions | -11 -10 -10 -10 -9 --------- Run | Yrd Mat Min Exi Min Total 1461 | 100 202 237 862 60 Wait 6 | . . 2 . 4 Move 1322 | 88 166 202 821 45 Hop . | . . . . . Pick Up 59 | 6 13 10 30 . Fast Attach 8 | 6 1 . 1 . Attach 2 | . 1 . 1 . Detach . | . . . . . Swap 12 | . 4 7 1 . Drop 30 | . 9 12 8 1 Fire 22 | . 8 4 . 10 Melee . | . . . . . Ram . | . . . . . Kick . | . . . . . Crush . | . . . . . Escape Stasis . | . . . . . Rewire . | . . . . . Trap . | . . . . . Miscellaneous . | . . . . . Route ------- -11/Scrapyard -10/Materials -10/Mines -10/Exiles (discovered 2 exits: [*Min x2]) -9/Mines History --------- Turn | Location | Event 6 | -11/Scrapyard | Discovered new exit (range 16) 148 | -11/Scrapyard | Entered Materials 301 | -10/Materials | Build established: Mutant 414 | -10/Materials | Discovered new exit (range 15) 463 | -10/Materials | Entered Mines 517 | -10/Mines | Learned location of 2 exits from Materials 539 | -10/Mines | Met a Derelict bent on vengeance 549 | -10/Mines | Met a Derelict who couldn't figure out how to use a Trap Extractor 707 | -10/Mines | Learned location of Storage (-9) 793 | -10/Mines | Deemed a non-threat by the Exiles lab entrance 795 | -10/Mines | Discovered new exit (range 5) 806 | -10/Mines | Entered Exiles 878 | -10/Exiles | Met 8R-AWN 918 | -10/Exiles | Met EX-HEX 996 | -10/Exiles | Met EX-BIN 1344 | -10/Exiles | Met EX-DEC 1422 | -10/Exiles | Learned location of Zion (-7) 1604 | -10/Exiles | Discovered new exit (range 12) 2083 | -10/Exiles | Visited The Gauntlet 2466 | -10/Exiles | Discovered new exit (range 15) 2500 | -10/Exiles | Entered Mines 2575 | -9/Mines | Core integrity fell below 50% 2605 | -9/Mines | Core integrity fell below 20% 2622 | -9/Mines | Destroyed by G-47 Trooper with Particle Gun Last Messages --------------- ELIMINATE." G-34 Mercenary destroyed. K-01 Serf collects debris. Lgt. Nuclear Core destroyed. U-05 Engineer builds a Wall. K-01 Serf collects debris. K-01 Serf cleans the Laser Drill. K-01 Serf collects debris. K-01 Serf cleans the Laser Drill. Laser Drill disabled. K-01 Serf collects debris. Carbon-fiber Leg destroyed. G-34 Mercenary destroyed. Mni. Grenade Launcher destroyed. Overheating: System interference. Hvy. Particle Cannon temporarily disabled. Acquired 34 matter. Carbon-fiber Leg destroyed. Dropped Rigged Lgt. Fission Core. R-06 Scavenger collects Heat Sink. Map ----- +----------------------------------------------------+ | ???????????????????????????????????????? | | ???????????????????????????????????????? | | ???????????????????????????????????????? | | ???????????????????????????????????????? | | ???????????????????????????????????????? | | ???????????? ????????????????????????? | | ???????????? ????????????????????????? | | ???????????? ????????????????????????? | | ???????????? ????????????????????????? | | ????????????# ????????????????????????? | | ????????????# ????????????????????????? | | ????????????# #???????????????????????? | | ????????????# #???????????????????????? | | ????????????# #???????????????????????? | | ????????????# %##??????????????????????? | | ????????????? ???????????????????????? | | ????????????? ???????????????????????? | | ?????????????# #???????????????????????? | | ????????????## #???????????????????????? | | ???########### ##??????????????????????? | | ???# #??????????????????????? | | ???# #??????????????????????? | | ???# """ "" #??????????????????????? | | ???# """ """ #??????????????????????? | | ???# """ "" r #??????????????????????? | | ???# g* @#??????????????????????? | | ???# """ #??????????????????????? | | ???# """ #??????????????????????? | | ???# """ #??????????????????????? | | ???# #??????????????????????? | | ???# """ """ #??????????????????????? | | ???# """ """ #??????????????????????? | | ???# """ """ #??????????????????????? | | ???# #??????????????????????? | | ???##############??????????????????????? | | ???????????????????????????????????????? | | ???????????????????????????????????????? | | ???????????????????????????????????????? | | ???????????????????????????????????????? | | ???????????????????????????????????????? | | ???????????????????????????????????????? | | ???????????????????????????????????????? | | ???????????????????????????????????????? | | ???????????????????????????????????????? | | ???????????????????????????????????????? | | ???????????????????????????????????????? | | ???????????????????????????????????????? | | | | | | | +----------------------------------------------------+ Best States ------------- Heat Dissipation 25 Energy Generation 14 Energy Capacity 160 Matter Stores 207 Matter Capacity 300 Sight Range 16 Terrain Scan Density 10 Evasion (%) 55 Recoil Reduction 2 Item Schematics ----------------- None Robot Schematics ------------------ None Fabricated ------------ Nothing Alien Tech Used ----------------- None Achievements -------------- Librarian Challenges ------------ None Game ------ Seed DimensionalBarrageStorm Manual? 0 Play Time 00:23:14 Cumulative 4.3 hours Start 2024.04.28 @ 14:50:41 End 2024.04.28 @ 18:22:59 Sessions 3 Manual Loads 0 Difficulty Rogue Special Mode None Game No. 9 Rogue 9 Adventurer 0 Explorer 0 Win Type - Total 0 Types 0/0/0/0/0/0/0/0/0 Lore% 12 Gallery% 8 Achievement% 10 Wizard Run 0 Options --------- Layout 1 ASCII 0 Keyboard 0 Movement Vi Keybinds 0 Fullscreen 1 Font 32/SmallcapsGlow Map View 50x35 Zoom Use 0% Tactical HUD 0 Map Filters NONE Filters NONE Steam 1 RUN: df548fb5-4764-4031-bae2-2f162cb2f65c